 Dungeon Crawl Stone Soup version 0.31-a0-161-gb58dd9be76 (webtiles) character file.

Game seed: 7541598377190994932

74 qw the Shooter (level 4, -3/39 HPs)
             Began as a Naga Hunter on June 12, 2023.
             Slain by a cerulean imp
             ... wielding a +0 spear
             ... summoned by Natasha
              (4 damage)
             ... on level 2 of the Dungeon.
             The game lasted 00:00:18 (751 turns).

qw the Shooter (Naga Hunter)                         Turns: 751, Time: 00:00:19

Health: -3/39      AC:  2    Str: 13    XL:     4   Next: 28%
Magic:  4/4        EV:  9    Int: 10    God:
Gold:   45         SH:  0    Dex: 16    Spells: 3/3 levels left

rFire   . . .        Y - +0 shortbow
rCold   . . .        (shield currently unavailable)
rNeg    . . .        c - +0 leather armour
rPois   +            (no helmet)
rElec   .            (no cloak)
rCorr   .            (no gloves)
SInv    +            (no barding)
Will    .....        (no amulet)
Stlth   ++           (no ring)
HPRegen 0.26/turn    (no ring)
MPRegen 0.09/turn

%: no passive effects
@: slowed, very slow
A: AC +1, large, see invisible, deformed body, poison resistance, slowness 2,
spit poison 1, naga tail 1
a: Spit Poison


You were on level 2 of the Dungeon.
You visited 1 branch of the dungeon, and saw 2 of its levels.

You collected 45 gold pieces.


Innate Abilities, Weirdness & Mutations

Your serpentine skin is tough. (AC +1)
You have supernaturally acute eyesight. (SInv)
Armour fits poorly on your strangely shaped body.
Your system is resistant to poisons. (rPois)
You cover ground very slowly.
You can spit poison.
You have a snake-like lower body.


   Skills:
 + Level 2.0 Fighting
 - Level 5.1 Ranged Weapons
 - Level 1.5 Dodging
 - Level 1.5 Stealth


You had 3 spell levels left.
You didn't know any spells.
Your spell library was empty.

Inventory:

Hand Weapons
 Y - a +0 shortbow (weapon)
Armour
 c - a +0 leather armour (worn)
Scrolls
 a - 2 scrolls of identify {unknown}
Potions
 d - a potion of cancellation {unknown}
 e - a potion of haste

Dungeon Overview and Level Annotations

Branches:
Dungeon (2/15)

Altars:

Annotations:
D:2 Natasha


Message History

Enter note: You shoot an arrow.
The arrow hits the cerulean imp.
The cerulean imp is moderately wounded.
The cerulean imp hits you from afar with a +2 spear.
Natasha stares at you and mumbles some strange words.
The magic dart hits you.
747 ||| INVOKING Spit Poison.
Aiming: Spit Poison (1% risk of failure)
Press: ? - help, Shift-Dir - straight line, f - Natasha, p - cerulean imp The splash of poison hits Natasha.
Natasha is poisoned.
Natasha is lightly wounded.
The cerulean imp hits you from afar with a +2 spear.
Natasha stares at you and mumbles some strange words.
You resist with some effort. The cerulean imp barely misses you.
You shoot an arrow.
The arrow closely misses the cerulean imp.
You have got your breath back.
The cerulean imp hits you with a +2 spear.
Natasha extends her claws.
Natasha casts a spell.
The cerulean imp hits you from afar with a +2 spear.
The cerulean imp hits you with a +2 spear.
You shoot an arrow.
The arrow closely misses the cerulean imp.
The cerulean imp hits you from afar with a +2 spear.
The cerulean imp hits you with a +2 spear.
The cerulean imp closely misses you.
The cerulean imp hits you with a +2 spear.
You shoot an arrow.
The arrow hits the cerulean imp but does no damage.
The cerulean imp hits you from afar with a +2 spear.
The cerulean imp closely misses you.
The cerulean imp hits you from afar with a +2 spear.
The cerulean imp hits you with a +2 spear.
You shoot an arrow.
The arrow barely misses the cerulean imp.
The cerulean imp hits you with a +0 spear.
The cerulean imp closely misses you. The cerulean imp barely misses you.
The cerulean imp hits you with a +0 spear.
You die...

..####.#..##...
#.#..........##... . #.#
#..##....##... .. #.#
#.........'... ...
#.#.#...##.#.##PPP #...
#.#...<..#.#.##P$$
#....##.######...#.##P$$
#...h55..........#.##P$$
.5...#@#######.##...PPP
#.....5.................
#.......................
##............####......
#............# #......
#.###........# #......
#$ ..........# ##..... .
...........# #.[...
J...######## #.....


You could see Natasha and 3 cerulean imps.

Vanquished Creatures
  Natasha (twice) (D:2)
  5 ball pythons
  4 bats (D:1)
  2 endoplasms (D:1)
  3 goblins (D:1)
  3 hobgoblins (D:1)
  A quokka (D:1)
  A frilled lizard (D:1)
  A kobold (D:2)
  2 rats
24 creatures vanquished.

Notes
Turn   | Place    | Note
-------+----------+-------------------------------------------
     0 | D:1      | qw the Naga Hunter began the quest for the Orb.
     0 | D:1      | Reached XP level 1. HP: 19/19 MP: 1/1
     0 | D:1      | 0 ||| qw: Version: 0.2-a-29-gc1b59c4
     0 | D:1      | 0 ||| qw: Game counter: 4238
     0 | D:1      | 0 ||| qw: Always use a shield: true
     0 | D:1      | 0 ||| qw: God list: Okawaru
     0 | D:1      | 0 ||| qw: Allow faded altars: false
     0 | D:1      | 0 ||| qw: Do Orc after D:15 true
     0 | D:1      | 0 ||| qw: Do second Lair branch before Depths: true
     0 | D:1      | 0 ||| qw: Lair rune preference: random
     0 | D:1      | 0 ||| qw: Plans: Normal
     0 | D:1      | 0 ||| PLANNING D:1-11
    32 | D:1      | 32 ||| INVOKING Spit Poison.
    34 | D:1      | Reached skill level 4 in Ranged Weapons
    34 | D:1      | Reached XP level 2. HP: 26/26 MP: 2/2
    36 | D:1      | 36 ||| INVOKING Spit Poison.
    48 | D:1      | 48 ||| INVOKING Spit Poison.
    53 | D:1      | 53 ||| INVOKING Spit Poison.
   147 | D:1      | 147 ||| INVOKING Spit Poison.
   159 | D:1      | 159 ||| INVOKING Spit Poison.
   163 | D:1      | 163 ||| INVOKING Spit Poison.
   185 | D:1      | 185 ||| INVOKING Spit Poison.
   193 | D:1      | 193 ||| INVOKING Spit Poison.
   223 | D:1      | 223 ||| INVOKING Spit Poison.
   410 | D:1      | 410 ||| INVOKING Spit Poison.
   421 | D:1      | 421 ||| INVOKING Spit Poison.
   438 | D:1      | 438 ||| READING scroll labelled ETEUM CEWY.
   439 | D:1      | 439 ||| DRINKING 2 smoky grey potions.
   440 | D:1      | 440 ||| DROPPING scroll of butterflies.
   464 | D:2      | Noticed Natasha
   465 | D:2      | 465 ||| INVOKING Spit Poison.
   467 | D:2      | Killed Natasha
   468 | D:2      | Reached XP level 3. HP: 32/32 MP: 3/3
   550 | D:2      | Noticed Natasha
   554 | D:2      | 554 ||| INVOKING Spit Poison.
   559 | D:2      | 559 ||| INVOKING Spit Poison.
   560 | D:2      | Killed Natasha
   561 | D:2      | Reached skill level 5 in Ranged Weapons
   561 | D:2      | Reached XP level 4. HP: 12/39 MP: 4/4
   717 | D:2      | 717 ||| INVOKING Spit Poison.
   737 | D:2      | Noticed Natasha
   745 | D:2      | 745 ||| Stepping ~*~*~tactically~*~*~ (outnumbered).
   747 | D:2      | 747 ||| INVOKING Spit Poison.
   749 | D:2      | HP: 8/39 [cerulean imp/+2 spear[Natasha] (6)]
   750 | D:2      | HP: 3/39 [cerulean imp/+2 spear[Natasha] (1)]
   751 | D:2      | HP: 1/39 [cerulean imp/+0 spear[Natasha] (3)]
   751 | D:2      | Slain by a cerulean imp

Levels and vault maps discovered:
D:1:      saegor_arrival_simple_c, layout_basic
D:2:      cheibrodos_helix_gallery, layout_basic, kennysheep_decorative_pillar,
          minmay_gold_behind_fungi, chequers_serial_rivers_room_b,
          corexii_corridor_pit, uniq_natasha

Skill      XL: |  1  2  3 |
---------------+----------+-----
Ranged Weapons | 4 5 |  5.1
Fighting       | |  2.0
Dodging        | |  1.5
Stealth        | |  1.5

Action                     |  1- 3 |  4- 6 || total
---------------------------+-------+-------++-------
   Fire: Shortbow          |    45 |     7 ||    52
Ability: Spit Poison       |    15 |     2 ||    17
    Use: Scroll            |     1 |       ||     1
         Potion            |     1 |       ||     1
 Armour: Leather armour    |     3 |       ||     3
  Dodge: Dodged            |    16 |     5 ||    21

Table legend:
 A = Non-vault XP
 B = Vault XP
 C = Vault XP percentage of total XP
 D = Non-vault monster count
 E = Vault monster count
 F = Vault count percentage of total count
                 A         B        C        D         E       F
            +---------+---------+-------+---------+---------+-------
      Total |      70 |      36 |  34.0 |      23 |       1 |   4.2
            +---------+---------+-------+---------+---------+-------
        D:1 |      32 |       0 |   0.0 |      19 |       0 |   0.0
        D:2 |      38 |      36 |  48.6 |       4 |       1 |  20.0
            +---------+---------+-------+---------+---------+-------
